 Dungeon Crawl Stone Soup version 0.29.0-15-g675c0067aa (webtiles) character file.

Game seed: 12675953319906935449

7750 qw the Severer (level 11, -8/97 HPs)
             Began as a Minotaur Berserker on Sept 12, 2022.
             Was an Elder of Trog.
             Mangled by a blink frog (14 damage)
             ... on level 1 of the Lair of Beasts.
             The game lasted 00:03:32 (10252 turns).

qw the Severer (Minotaur Berserker)                Turns: 10252, Time: 00:03:32

Health: -8/97      AC: 18    Str: 27    XL:     11   Next: 0%
Magic:  10/10      EV: 12    Int:  4    God:    Trog [****..]
Gold:   219        SH:  0    Dex:  9    Spells: 10/10 levels left

rFire   . . .      SeeInvis +   Y - +0 broad axe
rCold   . . .      Faith    .   (no shield)
rNeg    . . .      Spirit   .   i - +0 plate armour
rPois   .          Reflect  .   (helmet restricted)
rElec   .          Harm     .   f - scarf {repulsion}
rCorr   .          Rampage  .   c - +1 pair of gloves
Will    .....                   (no boots)
Stlth   ..........              (no amulet)
HPRegen 0.26/turn               m - +4 ring of evasion
MPRegen 0.12/turn               e - ring of see invisible

@: lethally poisoned (-8 -> -11), about to teleport, on berserk cooldown,
slowed, repel missiles, very slow
A: horns 2, retaliatory headbutt, iridescent scales 1, screaming 1
a: Renounce Religion, Berserk, Trog's Hand, Brothers in Arms


You were on level 1 of the Lair of Beasts.
You worshipped Trog.
Trog was greatly pleased with you.
You visited 2 branches of the dungeon, and saw 10 of its levels.

You collected 620 gold pieces.
You spent 401 gold pieces at shops.


Innate Abilities, Weirdness & Mutations

You have a pair of horns on your head.
You reflexively headbutt those who attack you in melee.
You are partially covered in iridescent scales. (AC +2)
You occasionally shout uncontrollably at your foes.


   Skills:
 - Level 9.0 Fighting
 + Level 16.4 Axes
 - Level 1.6 Throwing
 - Level 8.3 Armour
 - Level 3.1 Dodging


You had 10 spell levels left.
You didn't know any spells.
Your spell library was empty.

Inventory:

Hand Weapons
 s - a +0 hand axe of flaming
 Y - a +0 broad axe (weapon)
Armour
 c - a +1 pair of gloves (worn)
 f - a scarf of repulsion (worn)
 h - a +0 cloak
 i - a +0 plate armour (worn)
Jewellery
 e - a ring of see invisible (right hand)
 g - a +6 ring of strength
 m - a +4 ring of evasion (left hand)
Scrolls
 b - 7 scrolls of teleportation
 o - 6 scrolls of identify
Potions
 a - a potion of haste
 d - 6 potions of curing
 j - 2 potions of might
 k - 3 potions of heal wounds
 l - a potion of cancellation
 n - a potion of mutation

Dungeon Overview and Level Annotations

Branches:
Dungeon (9/15)             Temple (0/1) D:4            Lair (1/5) D:9
    Orc (0/2) D:9

Altars:
Dithmenos
Fedhas
Gozag
Okawaru

Shops:
D:3 *   D:6 ?!

Annotations:
D:7 1 runed translucent door, Crazy Yiuf


Message History

You headbutt the water moccasin, but do no damage.
The blink frog hits you!
A blink frog comes into view.
The water moccasin closely misses you. The blink frog hits you!
The blink frog closely misses you.
You slash the blink frog!
The blink frog is heavily wounded.
You closely miss the water moccasin. You slash the blink frog!
You feel very sick.
The water moccasin bites you but does no damage.
The blink frog misses you. The blink frog completely misses you.
You miss the blink frog.
The blink frog is heavily wounded.
You slash the blink frog! You closely miss the water moccasin.
You miss the blink frog.
You feel sick. The water moccasin bites you.
The blink frog hits you but does no damage. x2
The blink frog hits you!
The blink frog blinks!
The water moccasin closely misses you. You furiously retaliate!
You headbutt the water moccasin! The blink frog hits you.
The blink frog blinks!
The blink frog misses you. The blink frog closely misses you.
You barely miss the blink frog.
The blink frog is heavily wounded.
You slash the blink frog! You miss the water moccasin.
You closely miss the blink frog.
You feel sick.
The water moccasin bites you but does no damage.
The blink frog misses you.
The blink frog hits you but does no damage. x2
The water moccasin bites you but does no damage.
The blink frog closely misses you.
10252 ||| READING 8 scrolls of teleportation.
As you read the scroll of teleportation, it crumbles to dust.
You feel strangely unstable.
You feel sick. The blink frog barely misses you. You furiously retaliate!
You headbutt the blink frog!
The blink frog hits you but does no damage.
The water moccasin bites you! The blink frog closely misses you.
The blink frog hits you! x2
You die...

#...#.## #..........##
#.###..# ##..#...#....
.## #..###.###..##..#
.# ##.##..###.##...# ##
#....###..#..#
.#####.....##....# .
..PP......##.....# ..#
...............F###...#
................@S...#
...............FFF.#..#
...............$..#...
........######...##
.... #......# #.... ...
#...... ##... .. #..#..
##... # .## #...


You could see 4 blink frogs and a water moccasin.

Vanquished Creatures
  Pikel (D:7)
  Maggie (D:7)
  5 blink frogs (Lair:1)
  A wyvern (D:9)
  A wraith (D:7)
  9 yaks (D:9)
  A steam dragon (D:8)
  4 vampire mosquitoes (D:9)
  A warg (D:9)
  An acid dragon (D:9)
  A water moccasin (D:7)
  6 orc warriors
  2 black bears
  An ice beast (D:8)
  2 ogres
  3 centaurs
  2 kobold brigands (D:8)
  2 phantoms
  3 lemures (D:7)
  6 bullfrogs
  3 necrophages
  4 scorpions
  8 wights (D:9)
  3 howler monkeys (D:8)
  7 orc priests
  2 hounds
  3 iguanas
  Jessica (D:2)
  3 orc wizards
  3 gnolls (D:5)
  3 adders
  A shadow imp (D:5)
  A white imp (D:5)
  3 ufetubi
  3 worms
  4 dart slugs
  33 orcs
  5 ball pythons
  3 bats
  10 endoplasms
  7 giant cockroaches
  A hobgoblin (D:1)
  2 jackals (D:5)
  2 quokkas
  3 frilled lizards
  13 goblins
  18 kobolds
  5 rats
207 creatures vanquished.

Vanquished Creatures (others)
  A bush (D:7)
  A fungus (D:7)
  11 plants (D:7)
13 creatures vanquished.

Grand Total: 220 creatures vanquished

Notes
Turn   | Place    | Note
-------+----------+-------------------------------------------
     0 | D:1      | qw the Minotaur Berserker began the quest for the Orb.
     0 | D:1      | Reached XP level 1. HP: 19/19 MP: 0/0
     0 | D:1      | 0 ||| qw: Version: 0.1-a-119-g272c26d
     0 | D:1      | 0 ||| qw: Game counter: 10813
     0 | D:1      | 0 ||| qw: Always use a shield: true
     0 | D:1      | 0 ||| qw: Do Orc after D:15 true
     0 | D:1      | 0 ||| qw: Do second Lair branch before Depths: true
     0 | D:1      | 0 ||| qw: Lair rune preference: random
     0 | D:1      | 0 ||| qw: Plans: Normal
     0 | D:1      | 0 ||| PLANNING D:1-11
    97 | D:1      | Reached skill level 4 in Axes
   259 | D:1      | Reached XP level 2. HP: 26/26 MP: 1/1
   474 | D:1      | 474 ||| Stepping ~*~*~tactically~*~*~ (water).
   837 | D:1      | 837 ||| UPGRADING to +0 pair of gloves.
   842 | D:1      | 842 ||| UPGRADING to +0 cloak.
   847 | D:1      | 847 ||| UPGRADING to +0 ring mail.
   857 | D:1      | 857 ||| DROPPING +0 animal skin.
   858 | D:1      | 858 ||| READING 2 scrolls labelled CUAGGI CANEWO.
   859 | D:1      | 859 ||| READING scroll labelled MYT GUETEMP.
   860 | D:1      | 860 ||| READING scroll labelled MUUSEO BUHUGY.
   861 | D:1      | 861 ||| READING scroll labelled LITSASTR KIOMP.
   862 | D:1      | 862 ||| READING scroll labelled AWIEFI INAN.
   867 | D:1      | 867 ||| READING scroll labelled RUKAYGAUR.
   868 | D:1      | 868 ||| DRINKING 3 emerald potions.
   869 | D:1      | 869 ||| DROPPING scroll of vulnerability.
   870 | D:1      | 870 ||| DROPPING 2 potions of invisibility.
   871 | D:1      | 871 ||| Stepping randomly (stuck).
   887 | D:2      | 887 ||| Stepping ~*~*~tactically~*~*~ (stealth).
   888 | D:2      | 888 ||| Stepping ~*~*~tactically~*~*~ (stealth).
   889 | D:2      | 889 ||| Stepping ~*~*~tactically~*~*~ (stealth).
   964 | D:2      | Reached skill level 5 in Axes
  1052 | D:2      | Noticed Jessica
  1055 | D:2      | Killed Jessica
  1056 | D:2      | Reached XP level 3. HP: 31/31 MP: 2/2
  1059 | D:2      | 1059 ||| DROPPING +0 club.
  1129 | D:2      | Found a faded altar of an unknown god.
  1193 | D:2      | 1193 ||| Stepping ~*~*~tactically~*~*~ (hiding).
  1324 | D:2      | Reached ** piety under Trog
  1470 | D:2      | 1470 ||| READING scroll labelled MAABUR HYMEKH.
  1471 | D:2      | 1471 ||| READING 3 scrolls labelled QOFOXTASTU.
  1472 | D:2      | 1472 ||| DRINKING 2 metallic golden potions.
  1472 | D:2      | Gained mutation: You occasionally shout uncontrollably at
                  | your foes. [potion of mutation]
  1472 | D:2      | Gained mutation: You are frail. (-10% HP) [potion of
                  | mutation]
  1472 | D:2      | Gained mutation: Your spells are a little harder to cast,
                  | but a little more powerful. [potion of mutation]
  1473 | D:2      | 1473 ||| DRINKING potion of mutation.
  1473 | D:2      | Lost mutation: You are frail. (-10% HP) [potion of
                  | mutation]
  1473 | D:2      | Lost mutation: Your spells are a little harder to cast, but
                  | a little more powerful. [potion of mutation]
  1473 | D:2      | Gained mutation: You are partially covered in iridescent
                  | scales. (AC +2) [potion of mutation]
  1506 | D:2      | 1506 ||| DROPPING 2 scrolls of blinking.
  1557 | D:3      | 1557 ||| INVOKING Berserk.
  1682 | D:3      | Reached XP level 4. HP: 39/39 MP: 3/3
  1697 | D:3      | Reached skill level 6 in Axes
  1958 | D:3      | 1958 ||| FLEEEEING.
  1959 | D:3      | 1959 ||| FLEEEEING.
  1960 | D:3      | 1960 ||| FLEEEEING.
  1961 | D:3      | 1961 ||| FLEEEEING.
  1962 | D:3      | 1962 ||| FLEEEEING.
  1963 | D:3      | 1963 ||| FLEEEEING.
  1964 | D:3      | 1964 ||| FLEEEEING.
  1965 | D:3      | 1965 ||| FLEEEEING.
  1966 | D:3      | 1966 ||| FLEEEEING.
  1968 | D:3      | 1968 ||| FLEEEEING.
  1970 | D:3      | 1970 ||| FLEEEEING.
  1971 | D:3      | 1971 ||| FLEEEEING.
  1973 | D:3      | 1973 ||| FLEEEEING.
  1974 | D:3      | 1974 ||| FLEEEEING.
  1975 | D:3      | 1975 ||| FLEEEEING.
  1976 | D:3      | 1976 ||| FLEEEEING.
  1978 | D:3      | 1978 ||| FLEEEEING.
  1979 | D:3      | 1979 ||| FLEEEEING.
  1980 | D:3      | 1980 ||| FLEEEEING.
  1981 | D:3      | 1981 ||| FLEEEEING.
  1983 | D:3      | 1983 ||| FLEEEEING.
  1984 | D:3      | 1984 ||| FLEEEEING.
  1988 | D:3      | 1988 ||| FLEEEEING.
  1991 | D:3      | 1991 ||| FLEEEEING.
  1992 | D:3      | 1992 ||| FLEEEEING.
  1993 | D:3      | 1993 ||| FLEEEEING.
  1994 | D:3      | 1994 ||| FLEEEEING.
  1995 | D:3      | 1995 ||| FLEEEEING.
  1996 | D:3      | 1996 ||| FLEEEEING.
  1997 | D:3      | 1997 ||| FLEEEEING.
  2287 | D:3      | Found Aptenk's General Store.
  2293 | D:3      | 2293 ||| BUYING scroll of identify (20 gold).
  2293 | D:3      | Bought a scroll of identify for 20 gold pieces
  2293 | D:3      | 2293 ||| BUYING scroll of identify (20 gold).
  2293 | D:3      | Bought a scroll of identify for 20 gold pieces
  2380 | D:3      | 2380 ||| Stepping ~*~*~tactically~*~*~ (stealth).
  2387 | D:3      | Noticed a scorpion
  2399 | D:3      | Killed a scorpion
  2400 | D:3      | Reached skill level 7 in Axes
  2400 | D:3      | Reached XP level 5. HP: 25/45 MP: 4/4
  2400 | D:3      | 2400 ||| FLEEEEING.
  2401 | D:3      | 2401 ||| FLEEEEING.
  2402 | D:3      | 2402 ||| FLEEEEING.
  2403 | D:3      | 2403 ||| FLEEEEING.
  2729 | D:3      | 2729 ||| FLEEEEING.
  2730 | D:3      | 2730 ||| FLEEEEING.
  2731 | D:3      | 2731 ||| FLEEEEING.
  2732 | D:3      | 2732 ||| FLEEEEING.
  2733 | D:3      | 2733 ||| FLEEEEING.
  2734 | D:3      | 2734 ||| FLEEEEING.
  2788 | D:3      | 2788 ||| UPGRADING to +0 plate armour.
  2798 | D:3      | 2798 ||| DROPPING +0 ring mail.
  2799 | D:3      | 2799 ||| UPGRADING to +4 ring of evasion.
  2800 | D:3      | 2800 ||| READING scroll labelled TAMAXI XANOCEA.
  2801 | D:3      | 2801 ||| DRINKING 2 sapphire potions.
  2802 | D:3      | 2802 ||| READING 2 scrolls of identify.
  2802 | D:3      | 2802 ||| IDENTIFYING purple potion
  2803 | D:3      | 2803 ||| DROPPING potion of brilliance.
  2880 | D:4      | 2880 ||| DROPPING +2 spectral club.
  2891 | D:4      | 2891 ||| Stepping ~*~*~tactically~*~*~ (hiding).
  3027 | D:4      | Reached skill level 3 in Armour
  3045 | D:4      | 3045 ||| Stepping ~*~*~tactically~*~*~ (stealth).
  3047 | D:4      | 3047 ||| Stepping ~*~*~tactically~*~*~ (hiding).
  3276 | D:4      | Noticed an ogre
  3281 | D:4      | 3281 ||| INVOKING Berserk.
  3284 | D:4      | Killed an ogre
  3285 | D:4      | Reached XP level 6. HP: 56/56 MP: 5/5
  3483 | D:4      | 3483 ||| DROPPING +0 mace.
  3547 | D:4      | Found a staircase to the Ecumenical Temple.
  3617 | D:4      | Reached skill level 8 in Axes
  3771 | D:4      | 3771 ||| DRINKING 2 green potions.
  3772 | D:4      | 3772 ||| READING 3 scrolls of identify.
  3772 | D:4      | 3772 ||| IDENTIFYING fuming inky potion
  3773 | D:4      | 3773 ||| READING 2 scrolls of identify.
  3773 | D:4      | 3773 ||| IDENTIFYING grey potion
  3774 | D:4      | 3774 ||| DROPPING potion of lignification.
  3775 | D:4      | 3775 ||| DROPPING potion of attraction.
  3784 | D:5      | Entered Level 5 of the Dungeon
  3785 | D:5      | 3785 ||| INVOKING Berserk.
  3796 | D:5      | Reached *** piety under Trog
  3805 | D:5      | Reached XP level 7. HP: 48/61 MP: 6/6
  3893 | D:5      | Reached skill level 9 in Axes
  3923 | D:5      | 3923 ||| Stepping ~*~*~tactically~*~*~ (stealth).
  3982 | D:5      | 3982 ||| INVOKING Berserk.
  4152 | D:5      | 4152 ||| SWAPPING to +0 war axe.
  4153 | D:5      | 4153 ||| DROPPING +1 hand axe.
  4183 | D:5      | 4183 ||| Stepping ~*~*~tactically~*~*~ (stealth).
  4186 | D:5      | 4186 ||| Stepping ~*~*~tactically~*~*~ (hiding).
  4499 | D:5      | 4499 ||| Stepping ~*~*~tactically~*~*~ (stealth).
  4501 | D:5      | 4501 ||| Stepping ~*~*~tactically~*~*~ (hiding).
  4503 | D:5      | 4503 ||| Stepping ~*~*~tactically~*~*~ (hiding).
  4506 | D:5      | 4506 ||| INVOKING Berserk.
  4638 | D:5      | 4638 ||| DROPPING +0 flail.
  4735 | D:5      | 4735 ||| READING scroll labelled ZUDEOT DOVOLIWN.
  4877 | D:5      | 4877 ||| READING scroll labelled KUXAMAHOIFU.
  4878 | D:5      | 4878 ||| DRINKING 2 murky cyan potions.
  4879 | D:5      | 4879 ||| READING 2 scrolls of identify.
  4879 | D:5      | 4879 ||| IDENTIFYING fizzy green potion
  4880 | D:5      | 4880 ||| DROPPING potion of degeneration.
  4923 | D:6      | Found an opulent altar of Gozag.
  5049 | D:6      | Found Fogimoj's Magic Scroll Shop.
  5074 | D:6      | 5074 ||| SHOPLISTING scroll of acquirement (676 gold, have
                  | 354).
  5074 | D:6      | 5074 ||| BUYING scroll of enchant armour (97 gold).
  5074 | D:6      | Bought a scroll of enchant armour for 97 gold pieces
  5074 | D:6      | 5074 ||| BUYING scroll of identify (26 gold).
  5074 | D:6      | Bought a scroll of identify for 26 gold pieces
  5074 | D:6      | 5074 ||| BUYING scroll of identify (26 gold).
  5074 | D:6      | Bought a scroll of identify for 26 gold pieces
  5074 | D:6      | 5074 ||| BUYING scroll of identify (26 gold).
  5074 | D:6      | Bought a scroll of identify for 26 gold pieces
  5074 | D:6      | 5074 ||| BUYING scroll of teleportation (39 gold).
  5074 | D:6      | Bought a scroll of teleportation for 39 gold pieces
  5074 | D:6      | 5074 ||| BUYING scroll of teleportation (39 gold).
  5074 | D:6      | Bought a scroll of teleportation for 39 gold pieces
  5074 | D:6      | 5074 ||| READING scroll of enchant armour.
  5074 | D:6      | 5074 ||| ENCHANTING +0 pair of gloves.
  5094 | D:6      | Reached skill level 10 in Axes
  5097 | D:6      | Found Oxtimo Gusab's Distillery.
  5104 | D:6      | Reached skill level 1 in Throwing
  5127 | D:6      | 5127 ||| BUYING 2 potions of curing (72 gold).
  5127 | D:6      | Bought 2 potions of curing for 72 gold pieces
  5127 | D:6      | 5127 ||| SHOPLISTING potion of cancellation (96 gold, have
                  | 42).
  5127 | D:6      | 5127 ||| BUYING potion of curing (36 gold).
  5127 | D:6      | Bought a potion of curing for 36 gold pieces
  5127 | D:6      | 5127 ||| SHOPLISTING potion of haste (120 gold, have 6).
  5127 | D:6      | 5127 ||| SHOPLISTING potion of heal wounds (60 gold, have
                  | 6).
  5127 | D:6      | 5127 ||| SHOPLISTING potion of might (48 gold, have 6).
  5354 | D:6      | 5354 ||| INVOKING Berserk.
  5359 | D:6      | Reached XP level 8. HP: 49/68 MP: 7/7
  5575 | D:6      | 5575 ||| DROPPING +1 flail of holy wrath.
  5581 | D:6      | 5581 ||| INVOKING Berserk.
  5766 | D:6      | 5766 ||| Stepping ~*~*~tactically~*~*~ (stealth).
  5768 | D:6      | 5768 ||| DRINKING 4 potions of curing.
  5768 | D:6      | 5768 ||| (to cure confusion)
  5982 | D:6      | 5982 ||| UPGRADING to scarf of repulsion.
  5992 | D:6      | 5992 ||| READING scroll labelled QAZOLA VOYD.
  5993 | D:6      | 5993 ||| READING 5 scrolls of identify.
  5993 | D:6      | 5993 ||| IDENTIFYING silvery potion
  6008 | D:7      | Reached skill level 6 in Fighting
  6042 | D:7      | Noticed Maggie
  6043 | D:7      | 6043 ||| Stepping ~*~*~tactically~*~*~ (hiding).
  6061 | D:7      | Killed Maggie
  6062 | D:7      | Reached skill level 11 in Axes
  6062 | D:7      | 6062 ||| INVOKING Berserk.
  6295 | D:7      | Found an iron altar of Okawaru.
  6467 | D:7      | Reached skill level 12 in Axes
  6643 | D:7      | Noticed Pikel
  6644 | D:7      | 6644 ||| Stepping ~*~*~tactically~*~*~ (hiding).
  6647 | D:7      | 6647 ||| Stepping ~*~*~tactically~*~*~ (hiding).
  6650 | D:7      | 6650 ||| INVOKING Berserk.
  6659 | D:7      | Killed Pikel
  6660 | D:7      | Reached XP level 9. HP: 81/81 MP: 8/8
  6784 | D:7      | Reached skill level 6 in Armour
  6823 | D:7      | 6823 ||| Stepping ~*~*~tactically~*~*~ (hiding).
  6824 | D:7      | 6824 ||| Stepping ~*~*~tactically~*~*~ (hiding).
  6829 | D:7      | 6829 ||| Stepping ~*~*~tactically~*~*~ (stealth).
  6831 | D:7      | 6831 ||| INVOKING Berserk.
  7116 | D:7      | Found a shadowy altar of Dithmenos.
  7214 | D:7      | Found a blossoming altar of Fedhas.
  7249 | D:7      | Found a runed translucent door.
  7250 | D:7      | Noticed Crazy Yiuf
  7355 | D:7      | 7355 ||| READING 5 scrolls of identify.
  7355 | D:7      | 7355 ||| IDENTIFYING black potion
  7356 | D:7      | 7356 ||| DROPPING potion of magic.
  7480 | D:8      | 7480 ||| Stepping ~*~*~tactically~*~*~ (stealth).
  7489 | D:8      | Reached skill level 13 in Axes
  7498 | D:8      | 7498 ||| Stepping ~*~*~tactically~*~*~ (hiding).
  7500 | D:8      | 7500 ||| Stepping ~*~*~tactically~*~*~ (hiding).
  7534 | D:8      | 7534 ||| Stepping ~*~*~tactically~*~*~ (stealth).
  7698 | D:8      | 7698 ||| Stepping ~*~*~tactically~*~*~ (hiding).
  7699 | D:8      | 7699 ||| INVOKING Berserk.
  7710 | D:8      | Reached **** piety under Trog
  7728 | D:8      | Reached skill level 14 in Axes
  7976 | D:8      | 7976 ||| UPGRADING to ring of see invisible.
  7977 | D:8      | 7977 ||| READING 4 scrolls of identify.
  7977 | D:8      | 7977 ||| IDENTIFYING amethyst potion
  8090 | D:9      | Reached XP level 10. HP: 82/88 MP: 9/9
  8277 | D:9      | 8277 ||| Stepping ~*~*~tactically~*~*~ (hiding).
  8278 | D:9      | 8278 ||| INVOKING Berserk.
  8367 | D:9      | 8367 ||| SWAPPING to +0 broad axe.
  8368 | D:9      | 8368 ||| DROPPING +0 war axe.
  8498 | D:9      | Reached skill level 15 in Axes
  8508 | D:9      | 8508 ||| INVOKING Berserk.
  8511 | D:9      | Reached skill level 9 in Fighting
  8558 | D:9      | 8558 ||| FLEEEEING.
  8559 | D:9      | 8559 ||| FLEEEEING.
  8560 | D:9      | 8560 ||| FLEEEEING.
  8561 | D:9      | 8561 ||| FLEEEEING.
  8562 | D:9      | 8562 ||| FLEEEEING.
  8564 | D:9      | 8564 ||| FLEEEEING.
  8565 | D:9      | 8565 ||| FLEEEEING.
  8566 | D:9      | 8566 ||| FLEEEEING.
  8567 | D:9      | 8567 ||| FLEEEEING.
  8568 | D:9      | 8568 ||| FLEEEEING.
  8569 | D:9      | 8569 ||| FLEEEEING.
  8570 | D:9      | 8570 ||| FLEEEEING.
  8571 | D:9      | 8571 ||| FLEEEEING.
  8572 | D:9      | 8572 ||| FLEEEEING.
  8573 | D:9      | 8573 ||| FLEEEEING.
  8574 | D:9      | 8574 ||| FLEEEEING.
  8575 | D:9      | 8575 ||| FLEEEEING.
  8576 | D:9      | 8576 ||| FLEEEEING.
  8577 | D:9      | 8577 ||| FLEEEEING.
  8578 | D:9      | 8578 ||| FLEEEEING.
  8579 | D:9      | 8579 ||| FLEEEEING.
  8580 | D:9      | 8580 ||| FLEEEEING.
  8581 | D:9      | 8581 ||| FLEEEEING.
  8582 | D:9      | 8582 ||| FLEEEEING.
  8583 | D:9      | 8583 ||| FLEEEEING.
  8584 | D:9      | 8584 ||| FLEEEEING.
  8585 | D:9      | 8585 ||| FLEEEEING.
  8586 | D:9      | 8586 ||| FLEEEEING.
  8587 | D:9      | 8587 ||| FLEEEEING.
  8589 | D:9      | 8589 ||| FLEEEEING.
  8590 | D:9      | 8590 ||| FLEEEEING.
  8591 | D:9      | 8591 ||| FLEEEEING.
  8592 | D:9      | 8592 ||| FLEEEEING.
  8593 | D:9      | 8593 ||| FLEEEEING.
  8594 | D:9      | 8594 ||| FLEEEEING.
  8595 | D:9      | 8595 ||| FLEEEEING.
  8596 | D:9      | 8596 ||| FLEEEEING.
  8597 | D:9      | 8597 ||| FLEEEEING.
  8598 | D:9      | 8598 ||| FLEEEEING.
  8601 | D:9      | 8601 ||| FLEEEEING.
  8602 | D:9      | 8602 ||| FLEEEEING.
  8603 | D:9      | 8603 ||| FLEEEEING.
  8606 | D:9      | 8606 ||| FLEEEEING.
  8607 | D:9      | 8607 ||| FLEEEEING.
  8608 | D:9      | 8608 ||| FLEEEEING.
  8609 | D:9      | 8609 ||| FLEEEEING.
  8610 | D:9      | 8610 ||| FLEEEEING.
  8611 | D:9      | 8611 ||| FLEEEEING.
  8612 | D:9      | 8612 ||| FLEEEEING.
  8613 | D:9      | 8613 ||| FLEEEEING.
  8617 | D:9      | 8617 ||| FLEEEEING.
  8618 | D:9      | 8618 ||| FLEEEEING.
  8619 | D:9      | 8619 ||| FLEEEEING.
  8620 | D:9      | 8620 ||| FLEEEEING.
  8622 | D:9      | 8622 ||| FLEEEEING.
  8623 | D:9      | 8623 ||| FLEEEEING.
  8624 | D:9      | 8624 ||| FLEEEEING.
  8625 | D:9      | 8625 ||| FLEEEEING.
  8626 | D:9      | 8626 ||| FLEEEEING.
  8627 | D:9      | 8627 ||| FLEEEEING.
  8628 | D:9      | 8628 ||| FLEEEEING.
  8629 | D:9      | 8629 ||| FLEEEEING.
  8630 | D:9      | 8630 ||| FLEEEEING.
  8631 | D:9      | 8631 ||| FLEEEEING.
  8632 | D:9      | 8632 ||| FLEEEEING.
  8634 | D:9      | 8634 ||| FLEEEEING.
  8635 | D:9      | 8635 ||| FLEEEEING.
  8636 | D:9      | 8636 ||| FLEEEEING.
  8637 | D:9      | 8637 ||| FLEEEEING.
  8638 | D:9      | 8638 ||| FLEEEEING.
  8639 | D:9      | 8639 ||| FLEEEEING.
  8643 | D:9      | 8643 ||| FLEEEEING.
  8644 | D:9      | 8644 ||| FLEEEEING.
  8645 | D:9      | 8645 ||| FLEEEEING.
  8646 | D:9      | 8646 ||| FLEEEEING.
  8649 | D:9      | 8649 ||| STAIRDANCE
  9144 | D:9      | Found a staircase to the Lair.
  9227 | D:9      | 9227 ||| Stepping ~*~*~tactically~*~*~ (hiding).
  9394 | D:9      | 9394 ||| DROPPING +0 morningstar.
  9451 | D:9      | 9451 ||| Stepping ~*~*~tactically~*~*~ (hiding).
  9455 | D:9      | 9455 ||| INVOKING Berserk.
  9457 | D:9      | Reached skill level 16 in Axes
  9577 | D:9      | Found a staircase to the Orcish Mines.
  9606 | D:9      | 9606 ||| INVOKING Berserk.
  9610 | D:9      | Reached skill level 3 in Dodging
  9923 | D:9      | 9923 ||| PLANNING LAIR
  9923 | D:9      | 9923 ||| READING scroll labelled QAIZIC DO OTA.
  9959 | Lair:1   | Entered Level 1 of the Lair of Beasts
  9966 | Lair:1   | Identified the +10 dagger of Quantum Leap {pain, Contam
                  | Will++ Dex+10}
  9982 | Lair:1   | 9982 ||| INVOKING Berserk.
 10223 | Lair:1   | 10223 ||| INVOKING Berserk.
 10243 | Lair:1   | Reached XP level 11. HP: 92/97 MP: 10/10
 10251 | Lair:1   | HP: 24/97 [poisoned by a water moccasin]
 10252 | Lair:1   | 10252 ||| READING 8 scrolls of teleportation.
 10252 | Lair:1   | HP: 6/97 [blink frog (11)]
 10252 | Lair:1   | Mangled by a blink frog

Levels and vault maps discovered:
D:1:      shiori_arrival_oz, layout_basic, chequers_serial_rivers_small_b,
          minmay_misc_feat_secret_circle
D:2:      layout_basic, shapermc_ecumenical_altar_totnotflames,
          minmay_worlds_worst_comb, uniq_jessica
D:3:      layout_loops_ring, serial_shops, shop_statue, minmay_goblin_outpost
D:4:      layout_basic, minmay_temple_entry_proselytizer, minmay_checkerbox
D:5:      layout_cave_pools
D:6:      layout_basic, nicolae_gozag_cash_rules_everything_around_me,
          serial_corexii_hall, corexii_hall_statues_x,
          chequers_hall_statues_wall_a, chequers_hall_statues_y, serial_shops,
          nicolae_shop_window_shopping, shop
D:7:      layout_basic, kennysheep_little_box, fedhas_altar_decomposition,
          general_overflow_altar, uniq_pikel, uniq_crazy_yiuf_cottage,
          uniq_maggie
D:8:      layout_basic
D:9:      layout_layer_cave, lair_entry_dummy, david_orc_1_choice
Lair:1:   layout_layer_cave, minivault_23

Skill      XL: |  1  2  3  4  5  6  7  8  9 10 |
---------------+-------------------------------+-----
Axes           | 4 5 7 8 10 12 14 16 | 16.4
Armour         | 3 4 5 7 8 |  8.3
Fighting       | 5 7 8 9 |  9.0
Throwing       | 1 |  1.6
Dodging        | 3 |  3.1

Action                   |  1- 3 |  4- 6 |  7- 9 | 10-12 || total
-------------------------+-------+-------+-------+-------++-------
Melee: Hand axe          |    68 |   129 |    19 |       ||   216
       Headbutt          |     7 |    17 |    37 |    19 ||    80
       Punch             |     1 |     1 |     3 |     3 ||     8
       War axe           |       |       |   200 |    27 ||   227
       Broad axe         |       |       |       |    92 ||    92
Throw: Boomerang         |       |     7 |    31 |     2 ||    40
Invok: Berserk           |     1 |     2 |     8 |     6 ||    17
  Use: Scroll            |     8 |     4 |     8 |     2 ||    22
       Potion            |     3 |     2 |     2 |       ||     7
Armor: Animal skin       |     7 |       |       |       ||     7
       Ring mail         |    12 |    24 |       |       ||    36
       Plate armour      |       |    31 |    91 |    58 ||   180
Dodge: Dodged            |    27 |    65 |   100 |    82 ||   274
       Repelled          |       |       |     1 |     2 ||     3

Table legend:
 A = Non-vault XP
 B = Vault XP
 C = Vault XP percentage of total XP
 D = Non-vault monster count
 E = Vault monster count
 F = Vault count percentage of total count
                 A         B        C        D         E       F
            +---------+---------+-------+---------+---------+-------
      Total |    9191 |    1881 |  17.0 |     176 |      28 |  13.7
            +---------+---------+-------+---------+---------+-------
        D:1 |      21 |       4 |  16.0 |      13 |       2 |  13.3
        D:2 |      23 |      43 |  65.2 |      13 |       4 |  23.5
        D:3 |     111 |      12 |   9.8 |      16 |       6 |  27.3
        D:4 |     306 |      61 |  16.6 |      19 |       5 |  20.8
        D:5 |     507 |       0 |   0.0 |      26 |       0 |   0.0
        D:6 |     635 |       0 |   0.0 |      14 |       0 |   0.0
        D:7 |    1161 |    1014 |  46.6 |      14 |       2 |  12.5
        D:8 |    1049 |       0 |   0.0 |      26 |       0 |   0.0
        D:9 |    3937 |     747 |  15.9 |      29 |       9 |  23.7
     Lair:1 |    1441 |       0 |   0.0 |       6 |       0 |   0.0
            +---------+---------+-------+---------+---------+-------
